 Dungeon Crawl Stone Soup version 0.30-a0-381-g6ea064c7b4 (webtiles) character file.

Game seed: 1203389155949228992

109 Raultor the Changer (level 4, -2/28 HPs)
             Began as an Octopode Transmuter on Dec 1, 2022.
             Killed from afar by an orc wizard (13 damage)
             ... with a puff of flame
             ... on level 3 of the Dungeon.
             The game lasted 00:04:13 (1569 turns).

Raultor the Changer (Octopode Transmuter)           Turns: 1569, Time: 00:04:14

Health: -2/28      AC:  1    Str:  9    XL:     4   Next: 90%
Magic:  5/7        EV: 13    Int: 17    God:
Gold:   64         SH:  0    Dex: 12    Spells: 0/7 levels left

rFire   . . .      SeeInvis .      - Unarmed
rCold   . . .      Faith    .    (no shield)
rNeg    . . .      Spirit   .    (helmet restricted)
rPois   .          Reflect  .    (no amulet)
rElec   .          Harm     .    Z - ring of wizardry
rCorr   +          Rampage  .    R - ring of resist corrosion
Will    .....                    (no ring)
Stlth   ++........               (no ring)
HPRegen 0.24/turn                (no ring)
MPRegen 0.10/turn                (no ring)
                                 (no ring)
                                 (no ring)

@: wereblooded
A: almost no armour, amphibious, 8 rings, camouflage 1, gelatinous body 1,
(nimble swimmer 1), tentacles
a: no special abilities


You were on level 3 of the Dungeon.
You visited 1 branch of the dungeon, and saw 3 of its levels.

You collected 64 gold pieces.


Innate Abilities, Weirdness & Mutations

You cannot wear most types of armour.
You are amphibious.
You can wear up to eight rings at the same time.
Your skin changes colour to match your surroundings (Stealth+).
Your rubbery body absorbs attacks. (AC +1, EV +1)
((You are camouflaged when in or above water. (Stealth+)))
You have tentacles for arms and can constrict up to eight enemies at once.


   Skills:
 + Level 1.1 Fighting
 - Level 2.0 Dodging
 + Level 3.7 Unarmed Combat
 - Level 2.0 Spellcasting
 * Level 3.8 Transmutations
 * Level 1.6 Ice Magic


You couldn't memorise any spells.
You knew the following spells:

 Your Spells              Type           Power      Damage    Failure   Level
b - Beastly Appendage     Tmut           28%        N/A       1%          1
c - Ice Form              Ice/Tmut       11%        N/A       24%         4
w - Wereblood             Tmut           14%        N/A       2%          2

Your spell library contained the following spells:

 Spells                   Type           Power      Damage    Failure   Level
 Spider Form              Tmut/Pois      8%         N/A       11%         3
 Static Discharge         Conj/Air       2%         2-3/arc   12%         2
 Vhi's Electric Charge    Tloc/Air       2%         N/A       22%         3
 Arcjolt                  Conj/Air       0%         1d10      88%         5
 Lightning Bolt           Conj/Air       0%         1d11      88%         5

Inventory:

Jewellery
 R - a ring of resist corrosion (right tentacle)
 Z - a ring of wizardry (left tentacle)
Scrolls
 b - 2 scrolls of identify {unknown}
 c - 2 scrolls of amnesia {unknown}
 e - 2 scrolls of torment {unknown}
 g - a scroll of blinking {unknown}
 i - a scroll of teleportation {unknown}
 j - a scroll of immolation {unknown}
Potions
 a - 2 potions of lignification
 d - a potion of haste {unknown}
 f - a potion of mutation {unknown}
 h - a potion of curing {unknown}

Dungeon Overview and Level Annotations

Branches:
Dungeon (3/15)

Altars:

#o#. #........#
#.o. #..##)##.#
#..# #..##.##<###
#..# #..........#
#..# ##.#.#.#.#.#
.#####..#
#.)###..#.#
.......o#####.##
##.#.#
##.######o#....##
##..#
#.......@)..###.##
##.###
.########...#
##.###.##
#...#####.#.##
#..........##
#.#.######## #.#.#
#...# ###.# #.#


You could see an orc wizard and 2 orcs.


Message History

You kill the endoplasm!
You howl as the wereblood boils in your veins!
The goblin shoots a sling bullet.
The sling bullet barely misses you.
Unknown command.
The goblin shoots a sling bullet.
The sling bullet hits you.
An orc comes into view. It is wielding a +0 short sword.
The orc shouts!
You hear a shout!
The goblin unwields a +0 sling.
The goblin wields a +0 dagger.
The goblin hits you but does no damage.
The orc moves out of view.
You tentacle-slap the goblin.
You feel a bit better.
You kill the goblin!
The orc wizard misses you.
You barely miss the orc wizard. Your grab misses the orc wizard.
You howl as the wereblood boils in your veins!
The orc wizard points at you and mumbles some strange words.
The puff of flame hits you!
* * * LOW HITPOINT WARNING * * *
You tentacle-slap the orc wizard. You grab the orc wizard.
Your squeeze misses the orc wizard.
The orc wizard is moderately wounded.
You constrict the orc wizard. The orc wizard misses you.
You barely miss the orc wizard. You squeeze the orc wizard!
The orc wizard is almost dead.
You howl as the wereblood boils in your veins!
You constrict the orc wizard, but do no damage.
You hear a shout!
An orc comes into view. It is wielding a +0 short sword.
The orc wizard casts a spell at you. The puff of flame hits you!
You die...

Skill      XL: |  1  2  3 |
---------------+----------+-----
Transmutations | 3 |  3.8
Ice Magic      | 1 |  1.6
Fighting       | |  1.1
Dodging        | |  2.0
Unarmed Combat | |  3.7
Spellcasting   | |  2.0

Action                   |  1- 3 |  4- 6 || total
-------------------------+-------+-------++-------
Melee: Unarmed           |    84 |    41 ||   125
       Tentacles         |    21 |     6 ||    27
       Constrict         |    23 |    11 ||    34
       Punch             |     4 |     1 ||     5
       Kick              |     2 |    10 ||    12
 Cast: Beastly Appendage |     1 |     4 ||     5
       Wereblood         |     1 |     3 ||     4
 Stab: Sleeping          |     2 |       ||     2
Armor: Skin              |     4 |     6 ||    10
Dodge: Dodged            |    46 |    31 ||    77

Levels and vault maps discovered:
D:1:      dpeg_arrival_renting, layout_basic, minmay_pentomino_r4
D:2:      layout_rooms, patterned_corridor
D:3:      layout_loops_ring, mainiacjoe_overflow_boulevard,
          nicolae_uskayaw_suspiria, nicolae_ecumenical_lake_church,
          gup_sewer_entry_spiral

Notes
Turn   | Place    | Note
-------+----------+-------------------------------------------
     0 | D:1      | Raultor the Octopode Transmuter began the quest for the
                  | Orb.
     0 | D:1      | Reached XP level 1. HP: 13/13 MP: 3/3
    89 | D:1      | Reached XP level 2. HP: 14/18 MP: 5/5
    92 | D:1      | Learned a level 2 spell: Wereblood
   287 | D:1      | Reached skill level 3 in Transmutations
   314 | D:1      | Reached XP level 3. HP: 21/23 MP: 6/6
   990 | D:2      | Reached skill level 1 in Ice Magic
   990 | D:2      | Reached XP level 4. HP: 26/28 MP: 4/7
  1335 | D:2      | Learned a level 4 spell: Ice Form
  1569 | D:3      | Killed from afar by an orc wizard

Vanquished Creatures
  5 adders
  A worm (D:2)
  A dart slug (D:1)
  3 orcs (D:3)
  8 bats
  5 endoplasms
  4 giant cockroaches
  7 goblins
  A hobgoblin (D:1)
  A quokka (D:2)
  8 ball pythons
  A frilled lizard (D:1)
  4 kobolds
  5 rats
54 creatures vanquished.

Table legend: (Time is in decaauts)
 A = Elapsed time spent in this place.
 B = Non-inter-level travel time spent in this place.
 C = Inter-level travel time spent in this place.
 D = Time resting spent in this place.
 E = Time spent auto-exploring this place.
 F = Levels seen in this place.
 G = Mean time per level.
                   A        B        C        D        E       F      G
               +--------+--------+--------+--------+--------+-----+--------+
         Total |   1560 |   1495 |     65 |      0 |   1174 |   3 |  520.0 |
       Dungeon |   1560 |   1495 |     65 |      0 |   1174 |   3 |  520.0 |
               +--------+--------+--------+--------+--------+-----+--------+

Top non-repeatable levels by time:
     D:1: 778 daAuts
     D:2: 675 daAuts
     D:3: 107 daAuts

Table legend:
 A = Non-vault XP
 B = Vault XP
 C = Vault XP percentage of total XP
 D = Non-vault monster count
 E = Vault monster count
 F = Vault count percentage of total count
                 A         B        C        D         E       F
            +---------+---------+-------+---------+---------+-------
      Total |     152 |       5 |   3.2 |      51 |       3 |   5.6
            +---------+---------+-------+---------+---------+-------
        D:1 |      43 |       5 |  10.4 |      25 |       3 |  10.7
        D:2 |      79 |       0 |   0.0 |      18 |       0 |   0.0
        D:3 |      30 |       0 |   0.0 |       8 |       0 |   0.0
            +---------+---------+-------+---------+---------+-------
